 Seeded DCSS version 0.31.0-11-ge490571c62 (webtiles) character file.

Game seed: 2 (custom seed)

7917 Kazon the Sneak (level 11, -11/74 HPs)
             Began as an Octopode Shapeshifter on Feb 6, 2024.
             Was a High Priest of Okawaru.
             Mangled by a two-headed ogre
             ... wielding a +0 giant spiked club
              (24 damage)
             ... on level 1 of the Orcish Mines.
             The game lasted 00:35:42 (5810 turns).

Kazon the Sneak (Octopode Shapeshifter)             Turns: 5810, Time: 00:35:42

Health: -11/74     AC:  5    Str: 17    XL:     11   Next: 22%
Magic:  15/15      EV: 16    Int: 12    God:    Okawaru [*****.]
Gold:   517        SH: 11    Dex: 19    Spells: 10/10 levels left

rFire   + . .        f - +2 rapier (freeze)
rCold   + . .        c - +0 buckler
rNeg    . . .        (helmet currently unavailable)
rPois   +            U - amulet of reflection
rElec   .            l - +4 ring of slaying
rCorr   +            q - +4 ring of protection
SInv    .            G - ring of poison resistance
Will    .....        H - +6 ring of dexterity
Stlth   +++++        K - ring of resist corrosion
HPRegen 0.32/turn    L - ring of protection from cold
MPRegen 0.14/turn    k - ring of protection from fire
                     (no ring)

%: reflection
@: beast-form
A: beast (slay +2), almost no armour, amphibious, 8 rings, camouflage 1,
gelatinous body 1, (nimble swimmer 1), tentacles
a: Begin Untransformation, Renounce Religion, Heroism, Finesse, Duel


You were on level 1 of the Orcish Mines.
You worshipped Okawaru.
Okawaru was extremely pleased with you.
You were a hulking beast.
You visited 3 branches of the dungeon, and saw 11 of its levels.
You also visited: Ossuary and Bailey.

You collected 699 gold pieces.
You spent 182 gold pieces at shops.

Inventory:

Hand Weapons
 e - a +2 dagger of venom
 f - a +2 rapier of freezing (weapon)
 h - a +6 quarterstaff of holy wrath
 s - a +4 morningstar of freezing
 t - a +4 trident of draining
Missiles
 g - 20 stones (quivered)
 r - 11 poisoned darts
Armour
 c - a +0 buckler (worn)
 v - an orb of mayhem
 J - a +0 hat
Jewellery
 k - a ring of protection from fire (on tentacle)
 l - a +4 ring of slaying (left tentacle)
 q - a +4 ring of protection (right tentacle)
 G - a ring of poison resistance (on tentacle)
 H - a +6 ring of dexterity (on tentacle)
 K - a ring of resist corrosion (on tentacle)
 L - a ring of protection from cold (on tentacle)
 U - an amulet of reflection (around mantle)
Talismans
 b - a beast talisman
 y - a serpent talisman
 B - a flux talisman
Wands
 R - a wand of mindburst (17)
 S - a wand of flame (12)
 T - a wand of light (11)
 W - a wand of iceblast (2)
Scrolls
 i - a scroll of identify
 m - 4 scrolls of vulnerability {unknown}
 p - 2 scrolls of enchant armour {unknown}
 w - 2 scrolls of noise {unknown}
 C - 3 scrolls of torment {unknown}
 I - 2 scrolls of immolation {unknown}
 M - 4 scrolls of teleportation
 O - a scroll of poison {unknown}
 P - 2 scrolls of revelation {unknown}
 Q - 2 scrolls of fear {unknown}
 V - a scroll of amnesia {unknown}
 X - a scroll of brand weapon {unknown}
Potions
 a - 4 potions of lignification
 d - 3 potions of enlightenment {unknown}
 j - 4 potions of mutation {unknown}
 n - 3 potions of might
 o - 3 potions of attraction {unknown}
 u - 2 potions of cancellation
 x - 3 potions of curing
 z - 2 potions of resistance
 A - a potion of heal wounds
 D - a potion of berserk rage {unknown}
 E - 3 potions of haste
 F - 2 potions of ambrosia {unknown}
Miscellaneous
 N - a lightning rod (1/4)


   Skills:
 * Level 6.5 Fighting
 + Level 5.9 Short Blades
 + Level 2.6(3.6) Maces & Flails
 + Level 1.3(2.7) Polearms
 + Level 3.6(4.2) Staves
 + Level 1.5 Ranged Weapons
 * Level 5.7 Throwing
 * Level 6.3 Dodging
 + Level 7.9 Stealth
 * Level 4.6 Shields
 + Level 3.1 Unarmed Combat
 * Level 5.6 Invocations
 * Level 3.0 Evocations
 + Level 4.7 Shapeshifting


You had 10 spell levels left.
You didn't know any spells.
Your spell library contained the following spells:

 Spells                   Type           Power      Damage    Failure   Level
 Apportation              Tloc           0%         N/A       38%         1
 Jinxbite                 Hex            0%         N/A       54%         2
 Manifold Assault         Tloc           0%         N/A       99%         4
 Alistair's Intoxication  Alch           0%         N/A       100%        5
 Dispersal                Tloc           0%         N/A       100%        6
 Disjunction              Tloc           0%         N/A       100%        8


Dungeon Overview and Level Annotations

Branches:
Dungeon (9/15)             Temple (1/1) D:5            Lair (0/5) D:9
    Orc (1/2) D:9         Ossuary (visited)          Bailey (visited)

Altars:
Ashenzari
Cheibriados
Dithmenos
Elyvilon
Fedhas
Gozag
Hepliaklqana
Kikubaaqudgha
Makhleb
Nemelex Xobeh
Okawaru
Qazlal
Ru
Sif Muna
Trog
Uskayaw
Vehumet
Wu Jian
Xom
Yredelemnul
Zin
The Shining One

Shops:
D:2 (   D:3 (   Orc:1 :

Annotations:
D:9 1 runed translucent door


Innate Abilities, Weirdness & Mutations

You are a hulking beast.
Your limbs bulge with bestial killing power. (Slay +2)
You cannot wear most types of armour.
You are amphibious.
You can wear up to eight rings at the same time.
Your skin changes colour to match your surroundings (Stealth+).
Your rubbery body absorbs attacks. (AC +1, EV +1)
((You are camouflaged when in or above water. (Stealth+)))
You have tentacles for arms and can constrict up to eight enemies at once.


Message History

Found 28 gold pieces.
You now have 476 gold pieces (gained 29).
You now have 493 gold pieces (gained 17).
Found 14 gold pieces.
There is a stone staircase leading down here.
You now have 517 gold pieces (gained 24).
An ogre comes into view. It is wielding a +0 giant club.
A two-headed ogre comes into view.
It is wielding a +0 giant spiked club and a +0 giant club.
Your +4 morningstar of freezing stops glowing.
Your +2 rapier of freezing glows with a cold blue light!
f - a +2 rapier of freezing (weapon)
The two-headed ogre shouts in stereo!
The ogre shouts!
The two-headed ogre closely misses you. x2
You hear a shout!
You hit the two-headed ogre. You freeze the two-headed ogre.
The two-headed ogre is lightly wounded.
The ogre misses you.
The two-headed ogre hits you with a +0 giant spiked club!!
The two-headed ogre closely misses you.
You puncture the ogre! You freeze the ogre.
The ogre is heavily wounded.
The ogre hits you with a +0 giant club!
Unknown command.
You puncture the ogre! You freeze the ogre. You squeeze the ogre.
You kill the ogre!
Okawaru accepts your kill. You block the two-headed ogre's attack.
The two-headed ogre closely misses you.
You puncture the two-headed ogre! You freeze the two-headed ogre.
Your squeeze misses the two-headed ogre.
The two-headed ogre is moderately wounded.
You puncture the two-headed ogre! You freeze the two-headed ogre.
The two-headed ogre is heavily wounded.
The two-headed ogre hits you with a +0 giant spiked club!
The two-headed ogre hits you with a +0 giant club!
* * * LOW HITPOINT WARNING * * *
You hit the two-headed ogre. You freeze the two-headed ogre.
The two-headed ogre is severely wounded.
You block the two-headed ogre's attack.
The two-headed ogre hits you with a +0 giant club!!
You die...

...## ###.....$.##
......##.......... $.
.................####..
............##....#...
#O......... .........
##.......# ##......$.
##........###.........
..#...)$.....##.......$.
.......h.##.............
......O#####.>..#.###.#.
.....#. #......∩.....#
.... ## #.....#.#...##
#.. ####...........# ##
##...........#.##
#...........#.##
##......##...#..##
#.....####.......#


You could see a two-headed ogre and an ogre.

Vanquished Creatures
  A two-headed ogre (D:9)
  3 death yaks (D:9)
  2 deep elf pyromancers
  Jeremiah (D:7)
  A steam dragon (D:8)
  3 water moccasins
  An ice beast (D:8)
  A sky beast (D:6)
  2 black bears
  6 orc warriors
  7 centaurs
  3 ogres
  A phantom (D:4)
  2 gnoll sergeants
  2 bullfrogs (D:9)
  2 scorpions
  6 water moccasin zombies (Ossuary)
  3 wights (D:8)
  A burial acolyte (Ossuary)
  2 bombardier beetles
  A jelly (D:8)
  2 hounds
  2 iguanas
  6 orc wizards
  3 hell rats (D:9)
  2 crocodile zombies (Ossuary)
  A bullfrog simulacrum (Ossuary)
  2 mummies (Ossuary)
  8 adders
  5 gnolls
  A shadow imp (D:8)
  2 white imps
  2 ufetubi (D:6)
  4 adder zombies (Ossuary)
  3 dart slugs
  A ribbon worm (D:2)
  21 orcs
  3 ball pythons
  5 bats
  11 endoplasms
  2 giant cockroaches (D:3)
  10 gnoll zombies (Ossuary)
  12 goblins
  2 hobgoblins
  2 jackals (D:3)
  9 quokkas
  2 frilled lizards
  2 jackal zombies (Ossuary)
  2 kobolds
  4 orc zombies (Ossuary)
  4 rats
186 creatures vanquished.

Vanquished Creatures (collateral kills)
  An orc knight (Bailey)
  2 orc warriors (Bailey)
  2 orcs (Bailey)
5 creatures vanquished.

Vanquished Creatures (others)
  An orc (D:8)
1 creature vanquished.

Grand Total: 192 creatures vanquished

Notes
Turn   | Place    | Note
-------+----------+-------------------------------------------
     0 | D:1      | Kazon the Octopode Shapeshifter began the quest for the
                  | Orb.
     0 | D:1      | Reached XP level 1. HP: 13/13 MP: 1/1
    52 | D:1      | Reached XP level 2. HP: 18/18 MP: 2/2
   690 | D:2      | Found Weaqack's Weapon Shop.
   696 | D:2      | Reached XP level 3. HP: 23/23 MP: 1/3
   887 | D:2      | Reached XP level 4. HP: 29/29 MP: 4/4
  1155 | D:3      | Found Hivuethe's Antique Weapon Shoppe.
  1164 | D:3      | Reached skill level 1 in Short Blades
  1178 | D:3      | Noticed an ogre
  1194 | D:3      | Killed an ogre
  1195 | D:3      | Reached skill level 1 in Throwing
  1195 | D:3      | Reached skill level 2 in Stealth
  1195 | D:3      | Reached XP level 5. HP: 14/34 MP: 1/5
  1292 | D:3      | Found a shimmering altar of Xom.
  1293 | D:3      | Found a shimmering altar of Xom.
  1294 | D:3      | Found a shimmering altar of Xom.
  1563 | D:4      | Noticed a phantom
  1578 | D:4      | Killed a phantom
  1579 | D:4      | Reached skill level 3 in Stealth
  1579 | D:4      | Reached XP level 6. HP: 37/41 MP: 6/6
  1744 | D:4      | Found a sacrificial altar of Ru.
  1897 | D:5      | Entered Level 5 of the Dungeon
  1922 | D:5      | Reached XP level 7. HP: 45/46 MP: 7/7
  1973 | D:5      | Found a staircase to the Ecumenical Temple.
  1982 | Temple   | Entered the Ecumenical Temple
  1989 | Temple   | Became a worshipper of Warmaster Okawaru
  2045 | D:5      | Found a sand-covered staircase.
  2054 | Ossuary  | Entered an ossuary
  2140 | Ossuary  | Reached skill level 4 in Stealth
  2283 | Ossuary  | Reached * piety under Okawaru
  2294 | Ossuary  | Reached XP level 8. HP: 54/54 MP: 6/8
  2295 | Ossuary  | Reached skill level 1 in Shields
  2489 | D:3      | Bought a runed quarterstaff for 182 gold pieces
  2545 | D:6      | Reached skill level 5 in Stealth
  2932 | D:5      | Reached ** piety under Okawaru
  2933 | D:5      | Reached skill level 1 in Invocations
  3185 | D:6      | Reached skill level 5 in Short Blades
  3185 | D:6      | Reached skill level 1 in Staves
  3338 | D:6      | Reached XP level 9. HP: 59/59 MP: 10/10
  3705 | D:7      | Noticed Jeremiah
  3751 | D:7      | Found a flagged portal.
  3780 | Bailey   | Entered a bailey
  3822 | Bailey   | Found a large runed translucent door.
  3822 | Bailey   | Found a large runed translucent door.
  3823 | Bailey   | Noticed a deep elf pyromancer
  3853 | Bailey   | Reached skill level 6 in Stealth
  3871 | Bailey   | Killed an orc knight
  3871 | Bailey   | Reached *** piety under Okawaru
  3872 | Bailey   | Reached skill level 5 in Fighting
  3905 | Bailey   | Reached skill level 5 in Dodging
  3955 | Bailey   | Killed a deep elf pyromancer
  3956 | Bailey   | Reached skill level 1 in Ranged Weapons
  4222 | D:6      | Reached XP level 10. HP: 43/66 MP: 7/12
  4295 | D:7      | Killed Jeremiah
  4296 | D:7      | Reached skill level 7 in Stealth
  4357 | D:7      | Reached **** piety under Okawaru
  4480 | D:7      | Noticed a deep elf pyromancer
  4489 | D:7      | Killed a deep elf pyromancer
  4490 | D:7      | Reached skill level 1 in Evocations
  4860 | D:8      | HP: 1/63 [wight/+3 halberd of freezing (3)]
  4918 | D:8      | Reached skill level 5 in Throwing
  5400 | D:9      | Found an ancient bone altar of Kikubaaqudgha.
  5461 | D:9      | Noticed a two-headed ogre
  5469 | D:9      | Killed a two-headed ogre
  5469 | D:9      | Reached ***** piety under Okawaru
  5470 | D:9      | Reached skill level 1 in Polearms
  5472 | D:9      | Reached skill level 5 in Invocations
  5530 | D:9      | Noticed a death yak
  5541 | D:9      | Noticed a death yak
  5543 | D:9      | Noticed a death yak
  5545 | D:9      | Reached skill level 1 in Maces & Flails
  5549 | D:9      | Killed a death yak
  5550 | D:9      | Reached XP level 11. HP: 28/72 MP: 12/15
  5554 | D:9      | Killed a death yak
  5559 | D:9      | Killed a death yak
  5568 | D:9      | Found a staircase to the Lair.
  5648 | D:9      | Noticed a green ugly thing
  5650 | D:9      | Found a runed translucent door.
  5744 | D:9      | Found a staircase to the Orcish Mines.
  5753 | Orc:1    | Entered Level 1 of the Orcish Mines
  5770 | Orc:1    | Found Cigidal's Book Shop.
  5800 | Orc:1    | Noticed a two-headed ogre
  5810 | Orc:1    | Mangled by a two-headed ogre

Illustrated notes

Levels and vault maps discovered:
D:1:      lightli_arrival_noodles, layout_loops_ring, skrybe_limestone_x
D:2:      layout_rooms, serial_shops, shop
D:3:      layout_basic, xom_redecorated, serial_shops, nicolae_shop_stone
D:4:      layout_rooms, mainiacjoe_overflow_six_doors_small,
          minmay_misc_feat_five
D:5:      layout_loops_ring, temple_pool_b, mainiacjoe_ossuary_entry_dusty_tomb
D:6:      layout_loops_ring, dk_noncrumbling_3
D:7:      layout_loops_cross, enter_bailey_5, guppyfry_early_elven_hall,
          uniq_jeremiah
D:8:      layout_basic
D:9:      cheibrodos_helix_gallery, layout_basic, lemuel_crystal_altar,
          dpeg_lair_monsters, orc_0_dummy, minivault_13
Temple:   hellmonk_temple_of_storms
Orc:1:    layout_diamond_mine, serial_shops, nicolae_shop_crystal,
          lightli_church_of_beogh

Skill      XL: |  1  2  3  4  5  6  7  8  9 10 11 |
---------------+----------------------------------+-----
Short Blades   | 1 2 3 4 5 |  5.9
Fighting       | 2 3 4 5 6 |  6.5
Throwing       | 1 2 3 4 5 |  5.7
Stealth        | 2 3 4 5 6 7 |  7.9
Dodging        | 3 4 5 6 |  6.3
Shapeshifting  | 4 |  4.7
Shields        | 2 3 4 |  4.6
Invocations    | 1 3 5 |  5.6
Staves         | 1 3 |  3.6
Ranged Weapons | 1 |  1.5
Evocations     | 2 3 |  3.0
Polearms       | 1 |  1.3
Maces & Flails | 1 2 |  2.6
Unarmed Combat | |  3.1

Action                     |  1- 3 |  4- 6 |  7- 9 | 10-12 || total
---------------------------+-------+-------+-------+-------++-------
  Melee: Unarmed           |     4 |       |       |       ||     4
         Constrict         |     9 |    12 |    39 |    15 ||    75
         Dagger            |    32 |    61 |   101 |     1 ||   195
         Punch             |     2 |     2 |       |     4 ||     8
         Tentacles         |     3 |    12 |    43 |    27 ||    85
         Quarterstaff      |       |       |    54 |       ||    54
         Trident           |       |       |       |    37 ||    37
         Morningstar       |       |       |       |    29 ||    29
         Rapier            |       |       |       |    13 ||    13
   Fire: Orcbow            |       |       |     4 |       ||     4
  Throw: Stone             |     2 |     5 |    18 |    20 ||    45
         Dart              |       |     2 |     4 |     7 ||    13
 Invoke: Heroism           |       |       |     1 |     1 ||     2
  Evoke: Lightning rod     |       |       |       |     7 ||     7
         Wand              |       |       |       |     3 ||     3
    Use: Potion            |     1 |       |       |     2 ||     3
         Scroll            |       |       |       |     7 ||     7
   Stab: Sleeping          |     4 |     9 |    19 |     3 ||    35
         Distracted        |       |       |     1 |     1 ||     2
 Armour: Skin              |    13 |    11 |    70 |    36 ||   130
  Dodge: Dodged            |    12 |    21 |   110 |    40 ||   183
  Block: Buckler           |       |     1 |    10 |    30 ||    41
         Reflection        |       |       |       |     3 ||     3
